 Dungeon Crawl Stone Soup version 0.28-a0-664-gc179e30c89 (webtiles) character file.

Game seed: 12888627713848754967

734 Johnny the Carver (level 8, 0/58 HPs)
             Began as a Human Berserker on Oct 15, 2021.
             Was a Believer of Trog.
             Slain by an orc warrior (11 damage)
             ... on level 4 of the Dungeon.
             The game lasted 00:03:40 (4686 turns).

Johnny the Carver (Human Berserker)                 Turns: 4686, Time: 00:03:41

Health: 0/58       AC: 13    Str: 20    XL:     8   Next: 4%
Magic:  8/8        EV:  8    Int:  8    God:    Trog [**....]
Gold:   105        SH:  0    Dex: 12    Spells: 7/7 levels left

rFire   + . .      SeeInvis .   p - +0 great sword (vorpal)
rCold   . . .      Faith    .   (shield currently unavailable)
rNeg    . . .      Spirit   .   k - +0 chain mail
rPois   +          Reflect  .   u - +2 helmet
rElec   .          Harm     .   t - +0 cloak
rCorr   .          Rampage  .   d - +0 pair of gloves
Will    ++...                   (no boots)
Stlth   ..........              (no amulet)
HPRegen 1.19/turn               l - ring of protection from fire
MPRegen 0.11/turn               m - ring of poison resistance

@: strong-willed, on berserk cooldown, attractive, regenerating, hasted and
slowed
A: no striking features
a: Renounce Religion, Berserk, Trog's Hand


You were on level 4 of the Dungeon.
You worshipped Trog.
Trog was pleased with you.
You visited 1 branch of the dungeon, and saw 5 of its levels.

You collected 210 gold pieces.
You spent 105 gold pieces at shops.

Inventory:

Hand Weapons
 a - a +0 falchion
 p - a +0 vorpal great sword (weapon)
Armour
 d - a +0 pair of gloves (worn)
 k - a +0 chain mail (worn)
 t - a +0 cloak (worn)
 u - a +2 helmet (worn)
Jewellery
 l - a ring of protection from fire (left hand)
 m - a ring of poison resistance (right hand)
Scrolls
 b - 2 scrolls of immolation {unknown}
 c - 4 scrolls of identify {unknown}
 e - a scroll of torment {unknown}
 i - 2 scrolls of enchant weapon
 n - a scroll of enchant armour {unknown}
 q - a scroll of fog {unknown}
 s - a scroll of silence {unknown}
 v - a scroll of teleportation {unknown}
Potions
 f - a potion of attraction
 h - a potion of heal wounds {unknown}
 j - 2 potions of curing
 o - a potion of might {unknown}
 r - 2 potions of degeneration {unknown}


   Skills:
 - Level 3.0 Fighting
 * Level 8.9 Long Blades
 - Level 2.0 Armour
 - Level 2.0 Dodging


You had 7 spell levels left.
You didn't know any spells.
Your spell library was empty.

Dungeon Overview and Level Annotations

Branches:
Dungeon (5/15)             Temple (0/1) D:4

Altars:
Hepliaklqana
Vehumet
Wu Jian

Shops:
D:4 *


Message History

You feel yourself slow down.
You start resting.
A scorpion comes into view.
A jelly comes into view.
An orc warrior comes into view. It is wielding a +0 battleaxe.
The scorpion moves out of view.
There is a stone staircase leading up here.
Your skin crawls.
You feel strong-willed.
The orc warrior hits you with a +0 battleaxe.
The orc warrior hits you with a +0 battleaxe!
* * * LOW HITPOINT WARNING * * *
The orc warrior hits you with a +0 battleaxe.
* * * LOW HITPOINT WARNING * * *
You climb upwards.
There is a stone staircase leading down here.
The orc warrior hits you with a +0 battleaxe.
* * * LOW HITPOINT WARNING * * *
You feel the effects of Trog's Hand fading.
The orc warrior hits you with a +0 battleaxe!
* * * LOW HITPOINT WARNING * * *
Okay, then.
You aren't carrying any items that you can evoke.
Unknown command.
You feel better.
The orc warrior hits you but does no damage.
You feel better.
The orc warrior hits you with a +0 battleaxe.
The orc warrior hits you but does no damage.
Your skin crawls.
You feel strong-willed.
The orc warrior hits you with a +0 battleaxe!
* * * LOW HITPOINT WARNING * * *
It was a potion of attraction.
You feel attractive to monsters.
The orc warrior hits you with a +0 battleaxe.
* * * LOW HITPOINT WARNING * * *
The orc warrior barely misses you.
It was a potion of haste.
You feel yourself speed up.
The orc warrior hits you with a +0 battleaxe!
You die...

##### #.# #.# #.#
#### ### #.# #.#
#.# ...######.##
#.# #.# #.#
##.........# #.#
#.# #.#
#######...###.#
#.# #.#
#######.#.#.##.#
#.########.#
.##..........#.###
#.#........#
..#.###.#.#..#...#
#.#.######## ....#
##...#.###@# #(#.#
..### ##:##.# #o#
#.#.# .#####
#<##.###.# #.#.#
#....#
#.##....>####.#.#
#.##.#
#.....#.........#
####.#
#####.#..##.#####
_# #.# #.#..##.#
####.####
#.#..##.#
#.......#
#.#..##.#


You could see an orc warrior.

Vanquished Creatures
  Grinder (D:3)
  An ice beast (D:4)
  A sky beast (D:5)
  A phantom (D:5)
  2 bullfrog skeletons (D:4)
  An orc priest (D:3)
  A gnoll shaman (D:4)
  6 adders
  5 gnolls (D:4)
  4 dart slugs
  4 orcs (D:3)
  8 ball pythons
  4 bats
  5 endoplasms
  2 giant cockroaches (D:4)
  5 goblins
  6 hobgoblins
  7 jackals
  8 kobolds
  3 quokkas
  4 frilled lizards
  4 rats
83 creatures vanquished.

Vanquished Creatures (others)
  16 plants (D:2)
16 creatures vanquished.

Grand Total: 99 creatures vanquished

Notes
Turn   | Place    | Note
-------+----------+-------------------------------------------
     0 | D:1      | Johnny the Human Berserker began the quest for the Orb.
     0 | D:1      | Reached XP level 1. HP: 18/18 MP: 1/1
    95 | D:1      | Reached XP level 2. HP: 21/24 MP: 2/2
   507 | D:1      | Found a faded altar of an unknown god.
   757 | D:2      | Reached skill level 4 in Long Blades
   757 | D:2      | Reached XP level 3. HP: 25/29 MP: 3/3
  1575 | D:2      | Reached XP level 4. HP: 18/35 MP: 4/4
  2506 | D:2      | Reached skill level 5 in Long Blades
  2814 | D:3      | Reached XP level 5. HP: 41/41 MP: 5/5
  2815 | D:3      | Reached ** piety under Trog
  2922 | D:3      | Found a hazy altar of Hepliaklqana.
  3170 | D:3      | Noticed Grinder
  3190 | D:3      | Paralysed by Grinder for 2 turns
  3208 | D:3      | Killed Grinder
  3209 | D:3      | Reached skill level 7 in Long Blades
  3209 | D:3      | Reached XP level 6. HP: 42/47 MP: 6/6
  3580 | D:4      | Noticed an ice beast
  3588 | D:4      | Killed an ice beast
  3589 | D:4      | Reached XP level 7. HP: 40/52 MP: 7/7
  3928 | D:4      | Found a staircase to the Ecumenical Temple.
  4057 | D:4      | Reached skill level 8 in Long Blades
  4057 | D:4      | Found a radiant altar of Vehumet.
  4161 | D:4      | Reached *** piety under Trog
  4427 | D:4      | Found Cybyoruo's General Store.
  4552 | D:4      | Bought a scroll of enchant weapon for 75 gold pieces
  4552 | D:4      | Bought a potion of curing for 30 gold pieces
  4562 | D:4      | Found an ornate altar of the Wu Jian Council.
  4646 | D:5      | Entered Level 5 of the Dungeon
  4671 | D:5      | Reached XP level 8. HP: 47/58 MP: 8/8
  4686 | D:4      | Slain by an orc warrior

Illustrated notes

Levels and vault maps discovered:
D:1:      dpeg_arrival_long_road, layout_basic,
          hellmonk_ecumenical_altar_heavens_door
D:2:      layout_basic, serial_forest, infiniplex_forest_straight_4,
          infiniplex_forest_zigzag_2, infiniplex_forest_straight_1,
          infiniplex_forest_corner_1, infiniplex_forest_fountain,
          infiniplex_forest_end_double, infiniplex_forest_clump_cross,
          infiniplex_forest_clump_double, chequers_serial_rivers_large_a,
          minmay_pentomino_q4
D:3:      layout_basic, nzn_hepliaklqana_mist_gate, uniq_grinder
D:4:      layout_loops_ring, nzn_wu_jian_council_hall, marbit_many_paths,
          minmay_temple_entry_statues_pillars, serial_shops,
          nicolae_diamond_shop
D:5:      layout_loops_cross, st_stairs_4, grunt_decor_one_mirror,
          chequers_serial_rivers_micro_c, minivault_25

Skill      XL: |  1  2  3  4  5  6  7 |
---------------+----------------------+-----
Long Blades    | 4 5 7 8 |  8.9
Fighting       | |  3.0
Armour         | |  2.0
Dodging        | |  2.0

Action                   |  1- 3 |  4- 6 |  7- 9 || total
-------------------------+-------+-------+-------++-------
Melee: Falchion          |    75 |    71 |       ||   146
       Great sword       |       |    38 |    70 ||   108
Invok: Berserk           |     1 |     2 |     2 ||     5
       Trog's Hand       |       |     1 |     2 ||     3
  Use: Potion            |       |       |     4 ||     4
 Stab: Sleeping          |     1 |       |       ||     1
Armor: Animal skin       |    10 |       |       ||    10
       Chain mail        |    17 |    75 |    58 ||   150
Dodge: Dodged            |    43 |    49 |    34 ||   126

Table legend: (Time is in decaauts)
 A = Elapsed time spent in this place.
 B = Non-inter-level travel time spent in this place.
 C = Inter-level travel time spent in this place.
 D = Time resting spent in this place.
 E = Time spent auto-exploring this place.
 F = Levels seen in this place.
 G = Mean time per level.
                   A        B        C        D        E       F      G
               +--------+--------+--------+--------+--------+-----+--------+
         Total |   4781 |   4608 |    173 |    562 |   3379 |   5 |  956.2 |
       Dungeon |   4781 |   4608 |    173 |    562 |   3379 |   5 |  956.2 |
               +--------+--------+--------+--------+--------+-----+--------+

Top non-repeatable levels by time:
     D:2: 2089 daAuts
     D:4: 1120 daAuts
     D:3: 793 daAuts
     D:1: 742 daAuts
     D:5: 35 daAuts
